Build Orders - Match 35545011 - cohdb - Company of Heroes 3 Replays
cohdb
Replays
Latest Replays
All Replays
Popular Replays
Top Player Replays
Match Explorer
How It Works
Community
CoH3 Stats
Reddit
Sign in to upload your games and track your stats! →
Sign in with Steam
Match 35545011
Unlisted
Match 35545011
Overview
Messages
Build Orders
End
Panzergrenadier Squad
250 Light Carrier
Panzergrenadier Squad
Construct Light Support Kompanie
2.5-tonne Medical Truck
Combat Half-tracks
Fire Support Elements
Pak 38 Mechanized Group
Tungsten Core Ammunition
Construct Panzerarmee Kommand
Rapid Advance
Selects Armored Support Battlegroup
Selects Veteran Gunners
Selects Salvage Kits
Selects Panzer Storm
Panzer III L Medium Tank
Vehicle Survival Package
Panzer III L Medium Tank
Panzer III L Medium Tank
Emergency Repair Kits
Panzer III L Medium Tank
Selects Stuka Anti-tank Loiter
Panzer III L Medium Tank
Stuka Anti-tank Loiter
Panzer III L Medium Tank
Advanced Field Repairs
Panzer III L Medium Tank
Panzer III L Medium Tank
Selects Flammpanzer III Medium Tank
Stuka Anti-tank Loiter
Panzer III L Medium Tank
PIZZADAYO
마딕(madick)
KOREAN47
콯카인
야이씨발련들아
呆呆河马
武统台湾
那晚她才16
0
0
Comments
sign in to comment!
No comments posted yet!